 Dungeon Crawl Stone Soup version 0.30-a0-949-g53dc5368d7 (webtiles) character file.

Game seed: 349333809922318343

67 retardedninja the Trooper (level 4, 0/37 HPs)
             Began as a Merfolk Fighter on Mar 27, 2023.
             Slain by an orc
             ... wielding a +3 war axe
              (6 damage)
             ... on level 3 of the Dungeon.
             The game lasted 00:02:00 (1383 turns).

retardedninja the Trooper (Merfolk Fighter)         Turns: 1383, Time: 00:02:01

Health: 0/37       AC:  7    Str: 18    XL:     4   Next: 16%
Magic:  4/4        EV:  9    Int:  7    God:
Gold:   53         SH:  5    Dex: 13    Spells: 3/3 levels left

rFire   . . .      SeeInvis +    a - +0 trident
rCold   . . .      Faith    .    c - +0 buckler
rNeg    . . .      Spirit   .    b - +0 scale mail
rPois   .          Reflect  .    (no helmet)
rElec   .          Rampage  .    l - +0 cloak
rCorr   .                        (no gloves)
Will    .....                    (no boots) Stlth
                                 (no amulet)
HPRegen 0.26/turn                g - ring of see invisible
MPRegen 0.09/turn                (no ring)

@: mighty
A: (nimble swimmer 2), mertail
a: no special abilities


You were on level 3 of the Dungeon.
You visited 1 branch of the dungeon, and saw 3 of its levels.

You collected 111 gold pieces.
You spent 58 gold pieces at shops.

Inventory:

Hand Weapons
 a - a +0 trident (weapon)
Armour
 b - a +0 scale mail (worn)
 c - a +0 buckler (worn)
 l - a +0 cloak (worn)
Jewellery
 g - a ring of see invisible (left hand)
Scrolls
 f - 2 scrolls of enchant weapon {unknown}
 h - 4 scrolls of identify {unknown}
 j - 3 scrolls of amnesia {unknown}
 k - a scroll of noise {unknown}
Potions
 e - a potion of brilliance {unknown}


   Skills:
 + Level 3.9 Fighting
 + Level 3.7 Polearms
 + Level 2.5 Armour
 + Level 3.5 Shields


You had 3 spell levels left.
You didn't know any spells.
Your spell library contained the following spells:

 Spells                   Type           Power      Damage    Failure   Level
 Apportation              Tloc           0%         N/A       89%         1
 Olgreb's Toxic Radiance  Pois           0%         N/A       100%        4
 Alistair's Intoxication  Tmut/Pois      0%         N/A       100%        5
 Ozocubu's Refrigeration  Ice            0%         4d7       100%        7
 Ignition                 Fire           0%         3d3       100%        8


Dungeon Overview and Level Annotations

Branches:
Dungeon (3/15)

Altars:

Shops:
D:2 [   D:3 !


Innate Abilities, Weirdness & Mutations

((You are very nimble when in or above water. (Stealth+, EV+, Speed+++)))
Your lower body shifts to a powerful aquatic tail in water.


Message History

Found Rehioh Sawe's Distillery.
The orc shouts! x3; You hear a shout!
Found a stone staircase leading up.
An orc comes into view. It is wielding a +0 mace.
There are monsters nearby!
There are monsters nearby!
You reach to attack!
You hit the orc.
The orc is moderately wounded.
You reach to attack!
You barely miss the orc.
The orc is moderately wounded.
You barely miss the orc.
The orc is moderately wounded.
You barely miss the orc.
The orc is moderately wounded.
The orc hits you but does no damage. You block the orc's attack.
The orc hits you with a +3 war axe. The orc hits you with a +0 club.
You completely miss the orc.
The orc is moderately wounded.
The orc closely misses you. The orc barely misses you.
Unknown command.
You barely miss the orc.
The orc is moderately wounded.
The orc hits you with a +3 war axe! The orc closely misses you.
Unknown command.
Unknown command.
You are too injured to fight recklessly!
You feel very mighty all of a sudden. You block the orc's attack. x2
You puncture the orc!
You kill the orc!
The orc hits you with a +3 war axe.
You puncture the orc!
You kill the orc!
The orc hits you but does no damage.
You puncture the orc!
You kill the orc!
The orc hits you with a +3 war axe!
* * * LOW HITPOINT WARNING * * *
The orc hits you with a +3 war axe.
You die...

...
...##
....
..∩#
#..
#.##
#.o###
#@..#
###.#
#.#
#.#
#.#
#.#
#.#
#.#
#.#


You could see an orc.

Vanquished Creatures
  An adder (D:2)
  A worm (D:2)
  3 orcs (D:3)
  5 bats (D:1)
  2 endoplasms
  3 goblins
  4 hobgoblins
  10 jackals
  3 kobolds (D:1)
  A quokka (D:2)
  8 ball pythons
  6 rats
47 creatures vanquished.

Notes
Turn   | Place    | Note
-------+----------+-------------------------------------------
     0 | D:1      | retardedninja the Merfolk Fighter began the quest for the
                  | Orb.
     0 | D:1      | Reached XP level 1. HP: 18/18 MP: 1/1
   148 | D:1      | Reached XP level 2. HP: 24/24 MP: 2/2
   272 | D:1      | Reached XP level 3. HP: 22/29 MP: 3/3
  1180 | D:2      | Reached XP level 4. HP: 37/37 MP: 4/4
  1206 | D:2      | Found Ihucvet's Armour Emporium.
  1214 | D:2      | Bought a +0 cloak for 58 gold pieces
  1370 | D:3      | Found Rehioh Sawe's Distillery.
  1383 | D:3      | Slain by an orc

Illustrated notes

Levels and vault maps discovered:
D:1:      ncdulo_watergridlock, layout_basic, minmay_tree_intersection,
          serial_bayou_pond_a
D:2:      layout_basic, serial_shops, shop, kennysheep_generic_room_5
D:3:      layout_rooms, serial_shops, shop

Skill      XL: |  1  2 |
---------------+-------+-----
Polearms       | 3 |  3.7
Fighting       | |  3.9
Armour         | |  2.5
Shields        | |  3.5

Action                     |  1- 3 |  4- 6 || total
---------------------------+-------+-------++-------
  Melee: Trident           |   136 |    13 ||   149
    Use: Potion            |       |     1 ||     1
 Armour: Scale mail        |    67 |     2 ||    69
  Dodge: Dodged            |    66 |     4 ||    70
  Block: Buckler           |    33 |     3 ||    36

Table legend: (Time is in decaauts)
 A = Elapsed time spent in this place.
 B = Non-inter-level travel time spent in this place.
 C = Inter-level travel time spent in this place.
 D = Time resting spent in this place.
 E = Time spent auto-exploring this place.
 F = Levels seen in this place.
 G = Mean time per level.
                   A        B        C        D        E       F      G
               +--------+--------+--------+--------+--------+-----+--------+
         Total |   1407 |   1345 |     62 |    126 |    943 |   3 |  469.0 |
       Dungeon |   1407 |   1345 |     62 |    126 |    943 |   3 |  469.0 |
               +--------+--------+--------+--------+--------+-----+--------+

Top non-repeatable levels by time:
     D:1: 820 daAuts
     D:2: 469 daAuts
     D:3: 116 daAuts
